AoeStats
← Yael090

Arena

510675011Analyzed
1v1 RM · 9h ago on Oct 2, 2026· 33m 28s· 2 players
Game mode
Random Map
Map size
Tiny (2 player)
Population
200
Speed
Normal
Resources
Standard
Victory
Conquest
Starting age
Dark Age
Ending age
Imperial Age
RankedLock teamsTeams togetherTeam positionsShared explorationLock speedFull tech treeHidden civsTurbo modeCheats
Victory
Defeat
🇨🇴 Cumans · Colombia
1143
+14
🇲🇽 Cumans · Mexico
1091
-14
Yael090
9:07 Feudal Age
9:48 Loom
10:41 Wheelbarrow
29:50 Double-Bit Axe
29:52 Horse Collar
30:30 Stone Mining
34:20 Castle Age
Mhao
9:02 Feudal Age
10:01 Double-Bit Axe
10:18 Loom
16:25 Padded Archer Armor
19:37 Gold Mining
21:55 Fletching
23:46 Wheelbarrow
28:28 Castle Age
26:40 Stone Mining
26:58 Horse Collar
28:02 Town Watch
28:44 Scale Barding Armor
28:50 Forging
28:36 Crossbowman
29:04 Pikeman
30:33 Bodkin Arrow
31:21 Hand Cart
31:47 Capped Ram
Connection lost

Rejoining the realm…

Still unreachable

The connection could not be restored.

Session expired

The server has moved on; the page needs a fresh start.